Map: Oxide LE

Players

PoNinaBox - Winner!

  • Race: Protoss Protoss
  • League: Master
  • Spawn Location: 7:00

Osiris

  • Race: Terran Terran
  • League: Diamond
  • Spawn Location: 1:00

VOD

Have the link to the VOD?

Description

Time

  • Played on: Feb. 17, 2021, 11:42 a.m.
  • Length: 12:59
Show
View Real Time Build Order
Export as new Build Order

PoNinaBox Protoss - Winner!

Build Orders: 1 Gate Expand 

Get SALT Encoding   

  12  0:00  Probe  
  13  0:12  Probe  
  14  0:17  Pylon  
  14  0:24  Probe  
  15  0:36  Gateway, Probe  
  16  0:48  Probe  
  17  1:07  Nexus  
  17  1:13  Assimilator  
  17  1:18  Probe  
  18  1:25  Cybernetics Core  
  18  1:30  Probe  
  19  1:38  Pylon  
  19  1:42  Probe  
  20  1:54  Probe  
  20  1:56  Gateway  
  20  1:58  Warp Gate (Chrono Boost)  
  20  1:59  Adept (Chrono Boost)  
  21  2:08  Probe  
  24  2:17  Shield Battery  
  24  2:19  Probe  
  24  2:28  Adept  
  26  2:35  Gateway  
  26  2:40  Probe  
  27  2:47  Assimilator  
  27  2:48  Adept  
  29  2:52  Probe  
  30  3:04  Probe  
  31  3:09  Probe  
  32  3:16  Probe  
  33  3:21  Probe  
  34  3:28  Probe  
  34  3:29  Adept x2  
  34  3:30  Adept  
  34  3:33  Probe  
  42  3:35  Pylon  
  42  3:40  Probe  
  43  3:56  Adept x3  
  45  4:07  Probe x2  
  47  4:16  Twilight Council  
  47  4:17  Stalker  
  47  4:18  Stalker  
  47  4:19  Probe x2  
  53  4:27  Pylon  
  53  4:30  Assimilator  
  53  4:45  Probe  
  54  4:47  Pylon, Stalker x3  
  60  4:54  Probe  
  61  5:07  Probe  
  61  5:11  Probe  
  63  5:19  Probe  
  63  5:20  Stalker x3  
  68  5:30  Blink (Chrono Boost)  
  68  5:31  Probe x2  
  68  5:34  Pylon  
  70  5:37  Pylon  
  64  5:56  Probe  
  63  6:02  Probe  
  50  6:05  Gateway  
  50  6:06  Gateway  
  50  6:09  Gateway, Probe  
  51  6:11  Gateway, Robotics Facility  
  51  6:14  Gateway, Probe  
  52  6:21  Stalker x2, Probe  
  52  6:22  Stalker  
  59  6:31  Nexus  
  59  6:33  Probe  
  59  6:34  Probe  
  61  6:42  Pylon  
  61  6:45  Probe  
  61  6:47  Stalker x2  
  66  6:49  Stalker  
  66  6:52  Probe  
  69  6:57  Probe  
  69  7:01  Observer (Chrono Boost)  
  71  7:05  Probe  
  71  7:06  Robotics Bay  
  71  7:08  Assimilator, Stalker  
  72  7:13  Stalker  
  76  7:16  Charge  
  76  7:18  Probe  
  76  7:19  Probe  
  78  7:28  Stalker x2  
  82  7:30  Probe  
  82  7:31  Probe  
  84  7:42  Probe  
  84  7:43  Probe  
  86  7:47  Stalker x3  
  92  7:52  Observer  
  92  7:54  Probe  
  93  7:58  Probe x2  
  93  8:00  Colossus (Chrono Boost)  
  101  8:06  Probe  
  101  8:09  Pylon  
  101  8:10  Assimilator  
  102  8:17  Assimilator  
  96  8:36  Stalker x7  
  96  8:37  Observer  
  96  8:40  Probe  
  96  8:41  Probe  
  112  8:44  Pylon  
  112  8:48  Pylon  
  112  8:52  Forge  
  112  8:56  Forge  
  112  9:23  Protoss Ground Armor Level 1 (Chrono Boost), Colossus (Chrono Boost)  
  112  9:24  Protoss Ground Weapons Level 1 (Chrono Boost)  
  104  9:28  Extended Thermal Lance  
  110  9:41  Photon Cannon  
  110  9:42  Photon Cannon  
  110  9:43  Shield Battery  
  110  9:45  Photon Cannon  
  110  9:47  Photon Cannon  
  110  9:48  Photon Cannon  
  110  9:49  Sentry x2  
  110  9:50  Sentry x2, Photon Cannon  
  118  9:52  Shield Battery  
  118  9:54  Templar Archives, Zealot  
  118  9:55  Zealot x3  
  118  9:57  Photon Cannon  
  118  9:58  Probe  
  118  9:59  Photon Cannon  
  127  10:00  Observer, Probe  
  127  10:01  Probe  
  129  10:12  Pylon  
  129  10:14  Pylon, Dark Shrine  
  129  10:15  Pylon  
  129  10:18  Pylon  
  129  10:24  Pylon  
  129  10:29  Pylon  
  129  10:30  Colossus  
  134  10:36  Pylon  
  134  10:39  Stalker  
  134  10:40  Stalker x4  
  144  10:51  Nexus  
  144  10:54  Photon Cannon  
  144  10:57  Photon Cannon  
  144  10:59  Shield Battery  
  144  11:07  High Templar x4  
  152  11:11  Archon x2  
  152  11:20  Probe  
  152  11:21  Probe x2  
  152  11:23  Assimilator  
  155  11:27  Assimilator  
  155  11:33  Probe x3  
  146  11:57  Zealot x5  
  146  11:58  Zealot x3  
  158  12:02  Colossus (Chrono Boost)  
  162  12:10  Robotics Facility  
  162  12:13  Gateway  
  162  12:14  Gateway  
  162  12:18  Dark Templar x2  
  162  12:19  Dark Templar x2  
  170  12:29  Zealot x3  
  176  12:30  Zealot  
  176  12:54  Zealot x4  
  176  12:55  Zealot x4  
Show
View Real Time Build Order
Export as new Build Order

Osiris Terran 

Build Orders:  

Get SALT Encoding   

  12  0:00  SCV  
  13  0:12  SCV  
  14  0:17  Supply Depot  
  14  0:24  SCV  
  15  0:38  SCV  
  15  0:39  Barracks  
  15  0:42  Refinery  
  16  0:50  SCV  
  17  1:02  SCV  
  18  1:15  SCV  
  19  1:27  Marine  
  19  1:28  Orbital Command  
  20  1:40  Command Center  
  20  1:46  Barracks Reactor  
  20  1:51  Supply Depot  
  20  1:54  SCV  
  21  2:07  SCV  
  22  2:20  SCV  
  22  2:21  Command Center  
  23  2:25  Marine  
  23  2:27  Marine  
  24  2:32  SCV  
  26  2:44  SCV, Barracks  
  26  2:48  Marine x2  
  28  2:52  Orbital Command  
  28  2:59  SCV  
  29  3:09  Marine x2  
  29  3:11  SCV  
  32  3:18  SCV  
  32  3:19  Engineering Bay  
  33  3:23  SCV  
  34  3:28  Refinery, Marine x2  
  34  3:30  SCV  
  34  3:32  Barracks Tech Lab  
  37  3:35  Orbital Command  
  37  3:37  SCV  
  38  3:42  SCV  
  37  3:51  Supply Depot, Marine x2  
  37  3:52  Marine  
  37  3:53  SCV  
  36  4:02  SCV  
  34  4:08  Factory, SCV  
  34  4:09  Marine  
  36  4:11  Stimpack  
  36  4:15  Marine  
  37  4:19  SCV  
  38  4:25  Barracks  
  38  4:27  SCV  
  38  4:29  Marine  
  40  4:35  Marine  
  40  4:40  Bunker, Orbital Command  
  40  4:44  SCV  
  40  4:45  Marine  
  42  4:47  Marine  
  43  4:53  Factory Tech Lab, Marine  
  44  5:00  SCV  
  44  5:03  Marine  
  45  5:14  Siege Tank  
  45  5:15  Barracks Tech Lab  
  45  5:17  Marine x2  
  40  5:28  SCV  
  42  5:39  Marine  
  42  5:40  Marine  
  41  5:51  Siege Tank  
  40  5:57  Marine  
  38  6:26  Marine  
  38  6:27  Supply Depot, Marine  
  40  6:39  Supply Depot  
  40  6:41  SCV  
  41  6:49  Barracks  
  41  6:51  Marauder x2  
  45  6:54  SCV  
  45  6:57  SCV x2  
  48  7:01  Supply Depot  
  48  7:10  Bunker  
  48  7:13  Marauder x2  
  52  7:18  Supply Depot, Refinery, Orbital Command  
  52  7:19  Supply Depot  
  52  7:20  SCV  
  52  7:22  Starport  
  53  7:30  Siege Tank  
  53  7:31  SCV  
  53  7:35  SCV  
  58  7:39  Barracks Reactor  
  58  7:49  Supply Depot  
  58  7:50  Supply Depot  
  58  7:51  SCV  
  58  7:54  Bunker, Marauder  
  58  7:57  SCV  
  62  8:03  SCV  
  62  8:05  SCV  
  64  8:07  Starport Reactor  
  64  8:14  SCV  
  64  8:15  SCV  
  64  8:17  SCV  
  64  8:19  Combat Shield  
  67  8:26  SCV  
  62  8:28  SCV  
  60  8:37  Siege Tank  
  60  8:40  Marine x2, Marauder x2  
  67  8:45  Bunker  
  67  8:51  SCV x2  
  69  8:57  Bunker  
  67  9:04  Marine x2  
  67  9:05  Marauder x2  
  66  9:21  Medivac  
  66  9:22  SCV x2  
  59  9:26  Bunker, Marauder x2  
  59  9:27  SCV, Bunker  
  64  9:34  SCV  
  64  9:35  Medivac  
  64  9:36  Marine  
  64  9:38  SCV  
  69  9:43  Concussive Shells  
  69  9:56  Supply Depot  
  69  10:14  Supply Depot  
  69  10:15  Supply Depot  
  69  10:17  SCV x3, Marine x2  
  69  10:18  Marauder  
  69  10:19  Engineering Bay  
  69  10:20  Engineering Bay  
  76  10:29  SCV  
  77  10:35  SCV  
  77  10:36  Marauder  
  77  10:37  Marine  
  77  10:38  Marine  
  77  10:40  SCV  
  83  10:43  SCV  
  83  10:44  Barracks  
  83  10:46  Supply Depot  
  83  10:48  SCV, Barracks, Terran Infantry Weapons Level 1  
  85  10:51  Terran Infantry Armor Level 1  
  85  10:59  Marine, Marauder  
  88  11:05  SCV  
  88  11:06  SCV x2  
  88  11:11  Supply Depot  
  91  11:13  Supply Depot  
  91  11:18  SCV  
  92  11:19  Marine  
  92  11:20  Marauder  
  92  11:21  Orbital Command  
  92  11:23  Marauder  
  97  11:51  Marine x2, Marauder x2  
  97  11:52  Barracks Tech Lab, Barracks Reactor  
  96  11:58  SCV x3  
  99  12:06  Liberator x2  
  105  12:12  SCV x2, Marauder x2  
  105  12:15  SCV  
  112  12:21  Supply Depot x2  
  112  12:23  Marine x2  
  112  12:24  SCV, Marauder  
  117  12:35  Marine x2  
  116  12:37  Armory  
Tags
 
Add a new tag
Caveats
  • Supply blocks, unpowered buildings, or Contaminate may cause inaccurate times.
  • Supply counts are checked every 10 seconds.